TOP OF THE 1ST |
Indiana Hounds batting - Pitching for Topeka Tornados : RHP Eric Hunt
|
Pitching: RHP Eric Hunt
|
|
Batting: RHB Javier Martínez
|
0-0: Ball 1-0: Ball 2-0: Called Strike 2-1: Called Strike 2-2: Foul Ball, location: 2F 2-2: Strikes out looking
|
Batting: RHB Adrian Prouse
|
0-0: Ball 1-0: Swinging Strike 1-1: SOLO HOME RUN (Flyball, 9LD), Distance : 352 ft
|
Batting: RHB Juan Jose Guevana
|
0-0: Ground out 3-1 (Groundball, 34)
|
Batting: LHB Tommy Evans
|
0-0: Called Strike 0-1: Ball 1-1: Ball 2-1: Ball 3-1: Foul Ball, location: 2F 3-2: SINGLE (Groundball, 34D)
|
Batting: LHB Rubén Díaz
|
0-0: Swinging Strike 0-1: Fielders Choice at 2nd, U6 (Groundball, 6M)
|
Top of the 1st over - 1 run(s), 2 hit(s), 0 error(s), 1 left on base; Indiana 1 - Topeka 0 |
BOTTOM OF THE 1ST |
Topeka Tornados batting - Pitching for Indiana Hounds : RHP Rob Hill
|
Pitching: RHP Rob Hill
|
|
Batting: SHB Javier Peña
|
0-0: Called Strike 0-1: Fly out, F8 (Flyball, 8RS)
|
Batting: RHB Armando Méndez
|
0-0: Called Strike 0-1: Called Strike 0-2: Foul Ball, location: 2F 0-2: Ball 1-2: SINGLE (Line Drive, 8LS)
|
Batting: LHB Edward Rose
|
0-0: Called Strike 0-1: SINGLE (Line Drive, 89S) Armando Méndez to second
|
Batting: RHB Norberto Taváres
|
0-0: Ball 1-0: Called Strike 1-1: Ball 2-1: Foul Ball, location: 2F 2-2: Grounds into double play, 6-4-3 (Groundball, 6)
|
Bottom of the 1st over - 0 run(s), 2 hit(s), 0 error(s), 1 left on base; Indiana 1 - Topeka 0 |
TOP OF THE 2ND |
Indiana Hounds batting - Pitching for Topeka Tornados : RHP Eric Hunt
|
Batting: LHB Jim Clemente
|
0-0: Swinging Strike 0-1: DOUBLE (Line Drive, 8LD)
|
Batting: RHB Bob Lazzeri
|
0-0: SINGLE (Groundball, 6D) Jim Clemente to third
|
Batting: RHB Doug Murray
|
0-0: Foul Ball, location: 2F 0-1: Called Strike 0-2: Ball 1-2: Foul Ball, location: 2F 1-2: Ball 2-2: Foul Ball, location: 2F 2-2: Foul Ball, location: 2F 2-2: TRIPLE (Line Drive, 9LM) Jim Clemente scores Bob Lazzeri scores
|
Batting: LHB John Cotton
|
0-0: Ball 1-0: Foul Ball, location: 2F 1-1: Ball 2-1: Ball 3-1: Base on Balls
|
Batting: RHB Javier Martínez
|
0-0: Called Strike 0-1: Ball 1-1: Ball 2-1: SINGLE (Line Drive, 7LM) Doug Murray scores John Cotton to second
|
Batting: RHB Adrian Prouse
|
0-0: SINGLE (Groundball, 4D) John Cotton to third Javier Martínez to second
|
Batting: RHB Juan Jose Guevana
|
0-0: Called Strike 0-1: Swinging Strike 0-2: Ball 1-2: Foul Ball, location: 2F 1-2: Foul Ball, location: 2F 1-2: Foul Ball, location: 2F 1-2: SINGLE (Groundball, 2L) (infield hit) John Cotton scores Javier Martínez to third Adrian Prouse to second
|
Batting: LHB Tommy Evans
|
0-0: Called Strike 0-1: Swinging Strike 0-2: Ball 1-2: Foul Ball, location: 2F 1-2: Ball 2-2: Grounds into double play, 4-6-3 (Groundball, 4) Javier Martínez scores Adrian Prouse to third
|
Batting: LHB Rubén Díaz
|
0-0: Swinging Strike 0-1: Foul Ball, location: 2F 0-2: Fly out, F7 (Line Drive, 7S)
|
Top of the 2nd over - 5 run(s), 6 hit(s), 0 error(s), 1 left on base; Indiana 6 - Topeka 0 |
BOTTOM OF THE 2ND |
Topeka Tornados batting - Pitching for Indiana Hounds : RHP Rob Hill
|
Batting: LHB Yoshiaki Ohayashi
|
0-0: Called Strike 0-1: Swinging Strike 0-2: Ball 1-2: Foul Ball, location: 2F 1-2: Ball 2-2: Ball 3-2: Foul Ball, location: 2F 3-2: SINGLE (Line Drive, 78M)
|
Batting: RHB James Stevens
|
0-0: Ball 1-0: Ball 2-0: Fly out, F6 (Line Drive, 6)
|
Batting: LHB Ramón Pérez
|
0-0: Called Strike 0-1: SINGLE (Groundball, 34D) Yoshiaki Ohayashi to second Yoshiaki Ohayashi to third
|
Batting: RHB Bob Hall
|
0-0: Ball Ramón Pérez steals 2nd base 1-0: Called Strike 1-1: Foul Ball, location: 2F 1-2: SINGLE (Groundball, 4MD) Yoshiaki Ohayashi scores Ramón Pérez to third Runner from 3rd tries for Home, SAFE, no throw
|
Batting: RHB Ed Watkins
|
0-0: SINGLE (Line Drive, 6MD) Bob Hall to second
|
Batting: SHB Javier Peña
|
0-0: Grounds into double play, 4-6-3 (Groundball, 4)
|
Bottom of the 2nd over - 2 run(s), 4 hit(s), 0 error(s), 1 left on base; Indiana 6 - Topeka 2 |
TOP OF THE 3RD |
Indiana Hounds batting - Pitching for Topeka Tornados : RHP Eric Hunt
|
Pitching: LHP Jorge Ybarra
|
|
Batting: LHB Jim Clemente
|
0-0: Ball 1-0: Fly out, F5 (Popup, 5L)
|
Batting: RHB Bob Lazzeri
|
0-0: Fly out, F8 (Flyball, 8RXD)
|
Batting: RHB Doug Murray
|
0-0: Ball 1-0: Ball 2-0: Ball 3-0: Called Strike 3-1: Called Strike 3-2: Foul Ball, location: 2F 3-2: Base on Balls
|
Batting: LHB John Cotton
|
0-0: Ball 1-0: Ball 2-0: Called Strike 2-1: Fly out, F4 (Popup, 34D)
|
Top of the 3rd over - 0 run(s), 0 hit(s), 0 error(s), 1 left on base; Indiana 6 - Topeka 2 |
BOTTOM OF THE 3RD |
Topeka Tornados batting - Pitching for Indiana Hounds : RHP Rob Hill
|
Batting: RHB Armando Méndez
|
0-0: Ball 1-0: SINGLE (Line Drive, 78S)
|
Batting: LHB Edward Rose
|
0-0: Foul Ball, location: 2F 0-1: Ball 1-1: Foul Ball, location: 2F 1-2: 2-RUN HOME RUN (Flyball, 89XD), Distance : 403 ft
|
Batting: RHB Norberto Taváres
|
0-0: Ball 1-0: Foul Ball, location: 2F 1-1: Ball 2-1: Foul Ball, location: 2F 2-2: Ball 3-2: Strikes out swinging
|
Batting: LHB Yoshiaki Ohayashi
|
0-0: Foul Ball, location: 2F 0-1: Ball 1-1: Ball 2-1: Ball 3-1: Called Strike 3-2: Base on Balls
|
Batting: RHB James Stevens
|
0-0: Ball 1-0: Ball 2-0: Called Strike 2-1: Ball 3-1: Foul Ball, location: 2F 3-2: Foul Ball, location: 2F 3-2: Strikes out swinging
|
Batting: LHB Ramón Pérez
|
0-0: Called Strike 0-1: Ball 1-1: Swinging Strike 1-2: Foul Ball, location: 2F 1-2: Ball 2-2: Fly out, F8 (Flyball, 78M)
|
Bottom of the 3rd over - 2 run(s), 2 hit(s), 0 error(s), 1 left on base; Indiana 6 - Topeka 4 |
TOP OF THE 4TH |
Indiana Hounds batting - Pitching for Topeka Tornados : LHP Jorge Ybarra
|
Batting: RHB Javier Martínez
|
0-0: Called Strike 0-1: Called Strike 0-2: Ball 1-2: Strikes out swinging
|
Batting: RHB Adrian Prouse
|
0-0: Foul Ball, location: 2F 0-1: Ball 1-1: Foul Ball, location: 2F 1-2: Ball 2-2: Ground out 6-3 (Groundball, 6)
|
Batting: RHB Juan Jose Guevana
|
0-0: Called Strike 0-1: Fly out, F9 (Flyball, 89M)
|
Top of the 4th over - 0 run(s), 0 hit(s), 0 error(s), 0 left on base; Indiana 6 - Topeka 4 |
BOTTOM OF THE 4TH |
Topeka Tornados batting - Pitching for Indiana Hounds : RHP Rob Hill
|
Batting: RHB Bob Hall
|
0-0: Foul Ball, location: 2F 0-1: Foul Ball, location: 2F 0-2: Strikes out swinging
|
Batting: RHB Ed Watkins
|
0-0: Ball 1-0: Foul Ball, location: 2F 1-1: Foul Ball, location: 2F 1-2: Ball 2-2: Ball 3-2: Foul Ball, location: 2F 3-2: Ground out 5-3 (Groundball, 5S)
|
Batting: SHB Javier Peña
|
0-0: Called Strike 0-1: Swinging Strike 0-2: Ball 1-2: Ball 2-2: SOLO HOME RUN (Flyball, 89XD), Distance : 384 ft
|
Batting: RHB Armando Méndez
|
0-0: Swinging Strike 0-1: Called Strike 0-2: Strikes out swinging
|
Bottom of the 4th over - 1 run(s), 1 hit(s), 0 error(s), 0 left on base; Indiana 6 - Topeka 5 |
TOP OF THE 5TH |
Indiana Hounds batting - Pitching for Topeka Tornados : LHP Jorge Ybarra
|
Batting: LHB Tommy Evans
|
0-0: Called Strike 0-1: Foul Ball, location: 2F 0-2: Foul Ball, location: 2F 0-2: Strikes out swinging
|
Batting: LHB Rubén Díaz
|
0-0: Called Strike 0-1: Called Strike 0-2: Ground out 4-3 (Groundball, 34)
|
Batting: LHB Jim Clemente
|
0-0: Ball 1-0: Ground out U3 (Groundball, 3L)
|
Top of the 5th over - 0 run(s), 0 hit(s), 0 error(s), 0 left on base; Indiana 6 - Topeka 5 |
BOTTOM OF THE 5TH |
Topeka Tornados batting - Pitching for Indiana Hounds : RHP Rob Hill
|
Batting: LHB Edward Rose
|
0-0: Called Strike 0-1: SINGLE (Line Drive, 6MD)
|
Batting: RHB Norberto Taváres
|
0-0: Ball 1-0: Called Strike 1-1: Foul Ball, location: 2F 1-2: Ball 2-2: Foul Ball, location: 2F 2-2: Ball 3-2: Foul Ball, location: 2F 3-2: Foul Ball, location: 2F 3-2: Base on Balls Edward Rose to second
|
Pitching: LHP Tatsui Tanaka
|
|
Batting: LHB Yoshiaki Ohayashi
|
0-0: Swinging Strike 0-1: Ball 1-1: Foul Ball, location: 2F 1-2: Strikes out swinging
|
Batting: RHB James Stevens
|
0-0: Called Strike 0-1: 3-RUN HOME RUN (Flyball, 7LD), Distance : 345 ft
|
Batting: LHB Ramón Pérez
|
0-0: Ground out 4-3 (Groundball, 4S)
|
Batting: RHB Bob Hall
|
0-0: Called Strike 0-1: Ball 1-1: Ball 2-1: Fly out, F3 (Popup, 34S)
|
Bottom of the 5th over - 3 run(s), 2 hit(s), 0 error(s), 0 left on base; Indiana 6 - Topeka 8 |
TOP OF THE 6TH |
Indiana Hounds batting - Pitching for Topeka Tornados : LHP Jorge Ybarra
|
Batting: RHB Bob Lazzeri
|
0-0: Ball 1-0: SINGLE (Groundball, 34D)
|
Batting: RHB Doug Murray
|
0-0: Called Strike 0-1: Called Strike 0-2: Foul Ball, location: 2F 0-2: Foul Ball, location: 2F 0-2: Ball 1-2: Fly out, F8 (Flyball, 78D)
|
Batting: LHB John Cotton
|
0-0: Ball 1-0: Called Strike 1-1: Foul Ball, location: 2F 1-2: Foul Ball, location: 2F 1-2: Foul Ball, location: 2F 1-2: Foul Ball, location: 2F 1-2: Foul Ball, location: 2F 1-2: Strikes out swinging
|
Batting: RHB Javier Martínez
|
0-0: Called Strike 0-1: Ball 1-1: Ground out 5-3 (Groundball, 5S)
|
Top of the 6th over - 0 run(s), 1 hit(s), 0 error(s), 1 left on base; Indiana 6 - Topeka 8 |
BOTTOM OF THE 6TH |
Topeka Tornados batting - Pitching for Indiana Hounds : LHP Tatsui Tanaka
|
Batting: RHB Ed Watkins
|
0-0: Ball 1-0: Fly out, F7 (Flyball, 7LS)
|
Batting: SHB Javier Peña
|
0-0: Called Strike 0-1: Ball 1-1: Swinging Strike 1-2: Foul Ball, location: 2F 1-2: Ball 2-2: Ball 3-2: Ground out 5-3 (Groundball, 56)
|
Batting: RHB Armando Méndez
|
0-0: Called Strike 0-1: Ball 1-1: Ball 2-1: SINGLE (Flyball, 8LS)
|
Batting: LHB Edward Rose
|
0-0: Foul Ball, location: 2F 0-1: Ball 1-1: Fly out, F8 (Flyball, 8LM)
|
Bottom of the 6th over - 0 run(s), 1 hit(s), 0 error(s), 1 left on base; Indiana 6 - Topeka 8 |
TOP OF THE 7TH |
Indiana Hounds batting - Pitching for Topeka Tornados : LHP Jorge Ybarra
|
Pitching: RHP Clark Edwards
|
|
Batting: RHB Adrian Prouse
|
0-0: Foul Ball, location: 2F 0-1: Fly out, F8 (Line Drive, 89D)
|
Batting: RHB Juan Jose Guevana
|
0-0: Ball 1-0: Ball 2-0: Ball 3-0: Called Strike 3-1: Base on Balls
|
Batting: LHB Tommy Evans
|
0-0: Called Strike 0-1: Called Strike 0-2: Foul Ball, location: 2F 0-2: Strikes out swinging
|
Batting: LHB Rubén Díaz
|
0-0: Called Strike 0-1: Foul Ball, location: 2F 0-2: Ball 1-2: Foul Ball, location: 2F 1-2: Ball 2-2: Ball 3-2: Foul Ball, location: 2F 3-2: Base on Balls Juan Jose Guevana to second
|
Pinch Hitting: RHB Vicente Valentín
|
0-0: Called Strike 0-1: Ball 1-1: Ball Passed Ball! Juan Jose Guevana to third Rubén Díaz to second 2-1: Swinging Strike 2-2: Fly out, F8 (Flyball, 8LD)
|
Top of the 7th over - 0 run(s), 0 hit(s), 0 error(s), 2 left on base; Indiana 6 - Topeka 8 |
BOTTOM OF THE 7TH |
Topeka Tornados batting - Pitching for Indiana Hounds : LHP Tatsui Tanaka
|
Now in RF: Vicente Valentín
|
|
Batting: RHB Norberto Taváres
|
0-0: Called Strike 0-1: Ball 1-1: Foul Ball, location: 2F 1-2: Foul Ball, location: 2F 1-2: Ground out 5-3 (Groundball, 56)
|
Batting: LHB Yoshiaki Ohayashi
|
0-0: Ball 1-0: Foul Ball, location: 2F 1-1: Ball 2-1: Ball 3-1: Base on Balls
|
Batting: RHB James Stevens
|
0-0: Ball 1-0: Ball 2-0: Ball 3-0: Called Strike 3-1: Base on Balls Yoshiaki Ohayashi to second
|
Pinch Hitting: RHB Cho-yun Qiao
|
0-0: Called Strike 0-1: Ball 1-1: Called Strike 1-2: Grounds into double play, 6-4-3 (Groundball, 6)
|
Bottom of the 7th over - 0 run(s), 0 hit(s), 0 error(s), 1 left on base; Indiana 6 - Topeka 8 |
TOP OF THE 8TH |
Indiana Hounds batting - Pitching for Topeka Tornados : RHP Clark Edwards
|
Now at 2B: José González
|
|
Batting: RHB Bob Lazzeri
|
0-0: Ball 1-0: Ball 2-0: Foul Ball, location: 2F 2-1: Ball 3-1: Foul Ball, location: 2F 3-2: Fly out, F9 (Flyball, 9S)
|
Batting: RHB Doug Murray
|
0-0: Called Strike 0-1: Called Strike 0-2: Strikes out swinging
|
Batting: LHB John Cotton
|
0-0: Called Strike 0-1: Foul Ball, location: 2F 0-2: Ball 1-2: SINGLE (Groundball, 4S) (infield hit)
|
Pitching: RHP Larry Jones
|
|
Batting: RHB Javier Martínez
|
0-0: Ball 1-0: Foul Ball, location: 2F 1-1: Foul Ball, location: 2F 1-2: Ball 2-2: Fielders Choice at 2nd, 5-4 (Groundball, 5)
|
Top of the 8th over - 0 run(s), 1 hit(s), 0 error(s), 0 left on base; Indiana 6 - Topeka 8 |
BOTTOM OF THE 8TH |
Topeka Tornados batting - Pitching for Indiana Hounds : LHP Tatsui Tanaka
|
Batting: RHB Bob Hall
|
0-0: Ground out 5-3 (Groundball, 5)
|
Batting: RHB Ed Watkins
|
0-0: Ball 1-0: Called Strike 1-1: Ball 2-1: SINGLE (Groundball, 6MD)
|
Batting: SHB Javier Peña
|
0-0: Foul Ball, location: 2F 0-1: Called Strike 0-2: Foul Ball, location: 2F 0-2: Foul Ball, location: 2F 0-2: Ball 1-2: Ball 2-2: Foul Ball, location: 2F 2-2: Ball 3-2: Foul Ball, location: 2F 3-2: Foul Ball, location: 2F 3-2: Foul Ball, location: 2F 3-2: SINGLE (Flyball, 7S) Ed Watkins to second
|
Batting: RHB Armando Méndez
|
0-0: Ball 1-0: Swinging Strike 1-1: Grounds into double play, 1-4-3 (Groundball, 15)
|
Bottom of the 8th over - 0 run(s), 2 hit(s), 0 error(s), 1 left on base; Indiana 6 - Topeka 8 |
TOP OF THE 9TH |
Indiana Hounds batting - Pitching for Topeka Tornados : RHP Larry Jones
|
Pitching: LHP Jeremy Meyer
|
|
Batting: RHB Adrian Prouse
|
0-0: Called Strike 0-1: Foul Ball, location: 2F 0-2: Strikes out swinging
|
Batting: RHB Juan Jose Guevana
|
0-0: Ball 1-0: Swinging Strike 1-1: Ball 2-1: Ball 3-1: Fly out, F7 (Flyball, 78D)
|
Batting: LHB Tommy Evans
|
0-0: Called Strike 0-1: Ball 1-1: Ball 2-1: Fly out, F7 (Flyball, 7S)
|
Top of the 9th over - 0 run(s), 0 hit(s), 0 error(s), 0 left on base; Indiana 6 - Topeka 8 |
|